cohdb
Replays
Latest Replays
All Replays
Popular Replays
Top Player Replays
Match Explorer
How It Works
Community
CoH3 Stats
Reddit
Sign in to upload your games and track your stats! →
Sign in with Steam
Match 43044291
Unlisted
Match 43044291
Overview
Messages
Build Orders
End
Vickers Machine Gun Team
Construct Section Command Post
Infantry Section
ML 3-inch Mortar Team
Grenade Package
Selects Heavy Armor Battlegroup
Construct Field Infirmary
Infantry Section
Selects Rigorous Vehicle Training
Selects Rigorous Vehicle Training
Selects Forward Repair Assembly
Selects UNKNOWN (2162094)
Construct Platoon Command Post
Vickers Machine Gun Team
Infantry Section
Unlock M3 Stuart Light Tanks
M3 Stuart Light Tank
CMP 15cwt Truck
Selects Light Vehicle Withdraw and Refit
Selects UNKNOWN (202330)
Selects Light Vehicle Withdraw and Refit
Selects UNKNOWN (202330)
Infantry Section
Infantry Section
Construct Company Command Post
Zoga
PapaLegba
admiral_gnar
xomohappy
Raidser
Sparx6321
SlaySnow
Rothan
0
0
Comments
sign in to comment!
No comments posted yet!